 Dungeon Crawl Stone Soup version 0.14-a0-30-gf0b6e91 (webtiles) character file.

604 diablo888 the Archer (level 6, -13/48 HPs)
             Began as a Centaur Hunter on Sept 26, 2013.
             Shot with an arrow of flame by a centaur (21 damage)
             ... on Level 5 of the Dungeon.
             The game lasted 00:59:04 (5294 turns).

diablo888 the Archer (Centaur Hunter)               Turns: 5294, Time: 00:59:04

HP -13/48        AC  7     Str 14      XL: 6   Next: 54%
MP   4/4         EV  6     Int 14      God:
Gold 203         SH  0     Dex 12      Spells:  0 memorised,  5 levels left

Res.Fire  : . . .   See Invis. : .   b - +1 bow
Res.Cold  : + . .   Warding    : .   k - +0 scale mail of the Doldrums {Acc+3}
Life Prot.: . . .   Conserve   : .   (no shield)
Res.Poison: .       Res.Corr.  : .   (no helmet)
Res.Elec. : .       Clarity    : .   (no cloak)
Sust.Abil.: . .     Spirit.Shd : .   H - +0 pair of elf gloves (curse)
Res.Mut.  : .       Stasis     : .   (no barding)
Res.Rott. : .       Flight     : .   (no amulet)
Saprovore : . . .                    (no ring)
                                     L - cursed +4 ring of intelligence

@: very quick, slightly resistant to hostile enchantments, extremely unstealthy
A: hooves 3, cold resistance 1, deformed body, herbivore 1, speed 2, fast
metabolism 1, tough skin 3
a: no special abilities


You were on level 5 of the Dungeon.
You were not hungry.

You visited 1 branch of the dungeon, and saw 5 of its levels.

You collected 183 gold pieces.

Inventory:

Hand weapons
 b - a +1,+1 bow (weapon)
 g - a +2,+2 elven dagger of venom
 j - a +2,+0 short sword
 n - a +1,+0 hand axe of chopping
 s - a +0,+0 morningstar
 F - a +0,+0 halberd
 K - a +2,+0 elven dagger
Missiles
 c - 7 arrows (quivered)
 r - 74 darts
 t - 2 arrows of frost
 y - 43 stones
 z - 21 bolts
 B - 5 javelins
 M - 15 bolts of flame
 N - 5 poisoned needles
 P - 3 darts of frost
Armour
 d - a +0 leather armour
 h - a +0 ring mail
 k - the cursed +0 scale mail of the Doldrums (worn) {Acc+3}
   (You found it on level 4 of the Dungeon)

   It affects your accuracy (+3).
   It has a curse placed upon it.
 p - a +0 orcish leather armour
 v - a +0 plate armour
 H - a cursed +0 pair of elven gloves (worn)
 O - a +1 orcish ring mail of poison resistance
 R - a +0 ring mail
 U - a +0 pair of gauntlets
Comestibles
 f - 4 bread rations
 q - 14 strawberries
 D - a choko
 J - a meat ration
Scrolls
 i - a scroll of noise {unknown}
 l - 2 scrolls of fear {unknown}
 m - 5 scrolls of identify {unknown}
 u - 2 scrolls of blinking {unknown}
 A - 3 scrolls of curse armour
 C - 4 scrolls of remove curse {unknown}
 E - a scroll of curse weapon {unknown}
 Q - a scroll of magic mapping {unknown}
 S - a scroll of teleportation {unknown}
Jewellery
 L - a cursed +4 ring of intelligence (left hand)
Potions
 a - 2 potions of speed {unknown}
 e - 3 potions of heal wounds {unknown}
 w - 2 potions of flight {unknown}
 x - a potion of confusion {unknown}
 G - a potion of restore abilities {unknown}
 I - 3 potions of curing {unknown}
 T - a potion of brilliance {unknown}


   Skills:
 + Level 1.1 Fighting
 + Level 0.1 Short Blades
 + Level 9.1 Bows
 + Level 2.1 Armour
 + Level 1.8 Dodging
 + Level 0.6 Stealth


You had 5 spell levels left.
You didn't know any spells.

Dungeon Overview and Level Annotations

Branches:
Dungeon (5/27)
 Temple: D:4-7

Altars:

Shops:
D:5 =+%


Innate Abilities, Weirdness & Mutations

You have hooves in place of feet.
Armour fits poorly on your strangely shaped body.
You digest meat inefficiently.
You cover ground very quickly.
You have a fast metabolism.
You have extremely tough skin (AC +3).
Your flesh is cold resistant.


Message History

The centaur shoots an arrow of flame.
The arrow of flame hits you!
Firing (i - inventory. (,) - cycle):
c - 9 arrows (quivered)
Press: ? - help, Shift-Dir - straight line, f/p - centaur
Aim: a centaur, wielding a bow of flame (heavily wounded)
You shoot an arrow. The arrow hits the centaur.
The centaur is heavily wounded.
The centaur shoots an arrow of flame.
The arrow of flame hits you!
The centaur shoots an arrow of flame.
The arrow of flame hits you!
Your scroll labeled DUQYSIFOGI catches fire!
* * * LOW HITPOINT WARNING * * *
You see here 2 arrows.
Firing (i - inventory. (,) - cycle):
c - 8 arrows (quivered)
Press: ? - help, Shift-Dir - straight line, f/p - centaur
Aim: a centaur, wielding a bow of flame (heavily wounded)
You shoot an arrow. The arrow hits the centaur.
The centaur is severely wounded.
The centaur shoots an arrow of flame.
The arrow of flame hits you!
* * * LOW HITPOINT WARNING * * *
The centaur shoots an arrow of flame.
The arrow of flame hits you!
You die...

. ### ##### #.# #.. ..c.
#.# #.. ..# #.#
#.####.c# ##.##
#.@.((..# #...#
#..#.#..# #...#
##..#.#..# #...#
#........#
#####[..####.#.##.#.#
.##............#......#
#................#......
..#............#.#..##.
# ####.....###.#.# .#


You could see a centaur.

Vanquished Creatures
  2 ogres
  2 worker ants
  4 adders
  4 gnolls (D:3)
  4 worms
  The ghost of 4tharraofdagon the Firebug, a weakling DjFE (D:3)
  5 giant geckos
  2 oozes (D:4)
  2 orcs
  2 ball pythons (D:3)
  7 bats
  3 giant cockroaches
  5 goblins
  11 hobgoblins
  13 jackals
  3 quokkas
  A giant gecko skeleton (D:4)
  7 giant newts
  A hobgoblin skeleton (D:4)
  7 kobolds
  A quokka skeleton (D:4)
  10 rats
97 creatures vanquished.

Notes
Turn   | Place    | Note
--------------------------------------------------------------
     0 | D:1      | diablo888, the Centaur Hunter, began the quest for the Orb.
     0 | D:1      | Reached XP level 1. HP: 17/17 MP: 0/0
   215 | D:1      | Reached XP level 2. HP: 24/24 MP: 1/1
   510 | D:1      | Reached skill level 6 in Bows
  1357 | D:2      | Reached XP level 3. HP: 27/29 MP: 2/2
  2047 | D:3      | Gained mutation: Your flesh is cold resistant. [potion of beneficial mutation]
  2093 | D:3      | Reached skill level 7 in Bows
  2232 | D:3      | Reached XP level 4. HP: 36/36 MP: 2/2
  2250 | D:3      | Noticed 4tharraofdagon's ghost (weakling DjFE)
  2255 | D:3      | Killed 4tharraofdagon's ghost
  2977 | D:3      | Reached skill level 1 in Armour
  3080 | D:3      | Reached skill level 8 in Bows
  3080 | D:3      | Reached XP level 5. HP: 37/41 MP: 3/3
  3525 | D:4      | Noticed an ogre
  3797 | D:3      | Killed an ogre
  4044 | D:4      | Upgraded the game from 0.14-a0-19-g3ffea20 to 0.14-a0-30-gf0b6e91
  4819 | D:4      | Got a faintly humming scale mail
  4832 | D:4      | Identified the cursed +0 scale mail of the Doldrums {Acc+3} (You found it on level 4 of the Dungeon)
  4903 | D:5      | Entered Level 5 of the Dungeon
  4930 | D:5      | Found Throllic's Jewellery Shop.
  4938 | D:5      | Reached XP level 6. HP: 48/48 MP: 4/4
  5029 | D:5      | Noticed an ogre
  5048 | D:5      | Killed an ogre
  5048 | D:5      | Reached skill level 9 in Bows
  5091 | D:5      | Found Kumaatt's Food Shoppe.
  5194 | D:5      | Found Busuarr's Book Shoppe.
  5287 | D:5      | Noticed a centaur
  5294 | D:5      | Shot with an arrow of flame by a centaur

Action                   |  1- 3 |  4- 6 || total
-------------------------+-------+-------++-------
Melee: Bow               |     2 |       ||     2
       Dagger            |       |    56 ||    56
 Fire: Bow               |   105 |    93 ||   198
Throw: Dart              |       |    51 ||    51
  Use: Scroll            |     1 |     2 ||     3
       Potion            |     1 |       ||     1
